 Dungeon Crawl Stone Soup version 0.26.1-2-gb8aa6d0cf2 (webtiles) character file.

Game seed: 4445264465308758457

160 Gadfly the Skirmisher (level 5, 0/59 HPs)
             Began as an Ogre Monk on Feb 13, 2021.
             Slain by a jelly (1 damage)
             ... on level 4 of the Dungeon.
             The game lasted 00:06:03 (3643 turns).

Gadfly the Skirmisher (Ogre Monk)                   Turns: 3643, Time: 00:06:04

Health: 0/59       AC: -10   Str: 16    XL:     5   Next: 41%
Magic:  6/6        EV: 10    Int: 11    God:
Gold:   118        SH:  0    Dex: 11    Spells: 4/4 levels left

rFire    . . .     SeeInvis .   a - -1 flail
rCold    . . .     Faith    +   (no shield)
rNeg     . . .     Spirit   .   e - +2 animal skin
rPois    .         Reflect  .   (helmet restricted)
rElec    .         Harm     .   (no cloak)
rCorr    .         Rampage  .   (gloves unavailable)
Will     +....                  (boots unavailable)
Stlth    ++........             h - amulet of faith
HPRegen  0.59/turn              g - ring of willpower
MPRegen  0.10/turn              (no ring)

@: corroded
A: large, unfitting armour, blurry vision 1, regeneration 1, robust 1, tough
skin 1
a: no special abilities


You were on level 4 of the Dungeon.
You visited 1 branch of the dungeon, and saw 4 of its levels.

You collected 118 gold pieces.

Inventory:

Hand Weapons
 a - a -1 flail (weapon)
Missiles
 d - 8 boomerangs (quivered)
Armour
 e - a +2 animal skin (worn)
Jewellery
 g - a ring of willpower (left hand)
 h - an amulet of faith (around neck)
Scrolls
 c - 4 scrolls of teleportation
Potions
 b - a potion of resistance {unknown}
 f - a potion of mutation
 l - 2 potions of ambrosia {unknown}


   Skills:
 - Level 4.0 Fighting
 + Level 3.0 Maces & Flails
 * Level 2.2 Throwing
 * Level 1.8 Armour
 - Level 2.6 Dodging
 - Level 1.4 Stealth
 * Level 2.3 Invocations
 * Level 1.4 Evocations


You had 4 spell levels left.
You didn't know any spells.
Your spell library contained the following spells:

 Spells                   Type           Power        Failure   Level
 Summon Small Mammal      Summ           0%           34%         1
 Call Imp                 Summ           0%           47%         2
 Call Canine Familiar     Summ           0%           71%         3
 Summon Guardian Golem    Hex/Summ       0%           71%         3
 Summon Ice Beast         Ice/Summ       0%           98%         4
 Summon Lightning Spire   Summ/Air       0%           98%         4


Dungeon Overview and Level Annotations

Branches:
Dungeon (4/15)
 Temple: D:4-7

Altars:
Qazlal
Xom


Innate Abilities, Weirdness & Mutations

You are too large for most types of armour.
You have tough skin. (AC +1)
Scrolls take you a little longer to read.
Your natural rate of healing is unusually fast.
You are robust. (+10% HP)


Message History

You are splashed with acid.
* * * LOW HITPOINT WARNING * * *
You are too injured to fight recklessly!
You are too injured to fight recklessly!
You are too injured to fight recklessly!
You are too injured to fight recklessly!
You are too injured to fight recklessly!
You hit the jelly but do no damage.
Your hands burn!
* * * LOW HITPOINT WARNING * * *
The jelly is almost dead.
The jelly hits you.
* * * LOW HITPOINT WARNING * * *
You are splashed with acid!
* * * LOW HITPOINT WARNING * * *
Okay, then.
You hit the jelly but do no damage.
Your hands burn!
* * * LOW HITPOINT WARNING * * *
The jelly is almost dead.
The jelly hits you.
You die...

....#....##.#.....
...##..#....##.###...
.................≈..
...........#####≈≈≈≈
..........# ###..
#.........#######.#
##+##+##'#.........
##J##.##.########.#
#@##'##'# ..
#.......#
#....#..._...##
#....##.....###
......#######.#
...!...######.#
#...... .. #.)....
.## ...##. ##


You could see a jelly.

Vanquished Creatures
  A jelly (D:4)
  Robin (D:2)
  2 adders
  2 oozes (D:1)
  A worm (D:3)
  A dart slug (D:1)
  2 leopard geckos
  4 orcs
  2 bats (D:1)
  3 giant cockroaches
  14 goblins
  11 hobgoblins
  An iguana (D:4)
  8 jackals
  A quokka (D:2)
  2 ball pythons
  4 frilled lizards
  13 kobolds
  5 rats
78 creatures vanquished.

Notes
Turn   | Place    | Note
-------+----------+-------------------------------------------
     0 | D:1      | Gadfly the Ogre Monk began the quest for the Orb.
     0 | D:1      | Reached XP level 1. HP: 24/24 MP: 1/1
   392 | D:1      | Reached XP level 2. HP: 24/32 MP: 2/2
   736 | D:1      | Reached skill level 1 in Throwing
   736 | D:1      | Reached skill level 1 in Invocations
   840 | D:1      | Reached XP level 3. HP: 38/39 MP: 3/3
  1186 | D:1      | Gained mutation: Scrolls take you a little longer to read.
                  | [potion of mutation]
  1186 | D:1      | Gained mutation: Your natural rate of healing is unusually
                  | fast. [potion of mutation]
  1186 | D:1      | Gained mutation: You are robust. (+10% HP) [potion of
                  | mutation]
  1259 | D:2      | Reached skill level 1 in Armour
  1614 | D:2      | Reached skill level 1 in Evocations
  1675 | D:2      | Reached XP level 4. HP: 49/52 MP: 5/5
  1719 | D:2      | Noticed Robin
  1757 | D:2      | Killed Robin
  2309 | D:3      | Found a stormy altar of Qazlal.
  2680 | D:3      | Reached XP level 5. HP: 47/59 MP: 6/6
  3620 | D:4      | Found a shimmering altar of Xom.
  3643 | D:4      | HP: 1/59 [acid (2)]
  3643 | D:4      | Slain by a jelly

Illustrated notes

Levels and vault maps discovered:
D:1:      saegor_arrival_simple_c, layout_basic
D:2:      layout_loops_ring, nrook_campfire, uniq_robin
D:3:      corexii_shack_village, layout_basic, marbit_many_paths,
          corexii_leaking_fountain, kennysheep_nondescript
D:4:      layout_basic, serial_rivers, chequers_serial_rivers_marsh,
          chequers_serial_rivers_large_b, chequers_serial_rivers_room_b,
          chequers_serial_rivers_micro_e, chequers_serial_rivers_micro_a,
          chequers_serial_rivers_large_a, dk_xom_monty_hall

Skill      XL: |  1  2  3  4  5 |
---------------+----------------+-----
Throwing       | 1 2 |  2.2
Invocations    | 1 2 |  2.3
Armour         | 1 |  1.8
Evocations     | 1 |  1.4
Maces & Flails | 3 |  3.0
Fighting       | |  4.0
Dodging        | |  2.6
Stealth        | |  1.4

Action                   |  1- 3 |  4- 6 || total
-------------------------+-------+-------++-------
Melee: Mace              |   111 |   103 ||   214
       Flail             |       |    52 ||    52
Throw: Boomerang         |     5 |     8 ||    13
  Use: Scroll            |     3 |     4 ||     7
       Potion            |     2 |     1 ||     3
 Stab: Sleeping          |     3 |     2 ||     5
Armor: Robe              |    40 |    13 ||    53
       Animal skin       |       |    32 ||    32
Dodge: Dodged            |    78 |    96 ||   174
